 Dungeon Crawl Stone Soup version 0.21-a0-210-gbfa5647 (webtiles) character file.

693 wolfsongas the Martial Artist (level 7, -7/52 HPs)
             Began as a Demonspawn Monk on Aug 21, 2017.
             Mangled by Grinder (8 damage)
             ... on level 5 of the Dungeon.
             The game lasted 00:07:38 (5159 turns).

wolfsongas the Martial Artist (Demonspawn Monk)     Turns: 5159, Time: 00:07:39

Health: -7/52      AC:  8    Str: 12    XL:     7   Next: 37%
Magic:  7/7        EV: 11    Int: 11    God:
Gold:   140        SH:  0    Dex: 17    Spells: 6/6 levels left

rFire    . . .     SeeInvis .     - Unarmed
rCold    . . .     Gourm    .   (no shield)
rNeg     . . .     Faith    .   e - +0 ring mail
rPois    .         Spirit   .   (no helmet)
rElec    .         Reflect  .   r - scarf {cloud immunity}
rCorr    .         Harm     .   (no gloves)
MR       .....                  (no boots)
Stlth    +.........             (no amulet)
HPRegen  0.17/turn              (no ring)
MPRegen  0.10/turn              (no ring)

@: no status effects
A: claws 1, icy blue scales 2
a: no special abilities


You were on level 5 of the Dungeon.
You were not hungry.

You visited 1 branch of the dungeon, and saw 5 of its levels.

You collected 140 gold pieces.

Inventory:

Armour
 e - a +0 ring mail (worn)
 r - a scarf of cloud immunity (worn)
Scrolls
 a - a scroll of magic mapping
 f - a scroll of fog
 g - a scroll of enchant weapon
 k - a scroll of recharging
 l - 3 scrolls of teleportation
 m - 5 scrolls of remove curse
Potions
 h - a potion of curing
 n - a potion of lignification
Comestibles
 b - a meat ration
 c - 3 fruits
 d - 2 royal jellies
 p - a bread ration


   Skills:
 - Level 3.0 Fighting
 - Level 2.6 Dodging
 - Level 1.7 Stealth
 * Level 8.0 Unarmed Combat


You had 6 spell levels left.
You didn't know any spells.

Dungeon Overview and Level Annotations

Branches:
Dungeon (5/15)
 Temple: D:4-7

Altars:

Shops:
D:4 }   D:5 :

Annotations:
D:5 Grinder


Innate Abilities, Weirdness & Mutations

You have sharp fingernails.
You are mostly covered in icy blue scales. (AC +3)


Message History

Unknown command.
You scratch Grinder.
Grinder is heavily wounded.
Grinder barely misses you.
You scratch Grinder but do no damage.
Grinder is heavily wounded.
Grinder gestures at you.
You suddenly lose the ability to move!
Grinder hits you!
* * * LOW HITPOINT WARNING * * *
You writhe in agony.
* * * LOW HITPOINT WARNING * * *
Grinder hits you but does no damage. x2
You can move again.
You claw Grinder! You claw Grinder.
Grinder is severely wounded.
You scratch Grinder.
Grinder is severely wounded.
Grinder hits you!
You die...

############ ...
#..........# ...
#..........# ...
#..........# ###
#..........# #..........#
#..........# ####
######..........# #...
#....#.5@.......# #.##
#....#..........# #.##
#....#..........######.##
#........................
#...)####.#............).
#.....###.############.#.
#.>.#'#..................
#...+∩'.#....###......##.
#...#'###....# #......##.


You could see Grinder.

Vanquished Creatures
  The ghost of Iodinin the Skirmisher, an amateur DrFi (D:5)
  An ogre (D:5)
  A scorpion (D:3)
  2 howler monkeys
  An orc priest (D:4)
  2 orc wizards (D:4)
  2 bullfrog skeletons
  An iguana (D:4)
  A worker ant (D:5)
  4 gnolls (D:3)
  6 adders
  A worm (D:2)
  2 dart slugs (D:2)
  4 leopard geckos
  12 orcs
  6 bats
  6 giant cockroaches
  6 goblins
  6 hobgoblins
  9 jackals
  2 quokkas
  2 ball pythons
  8 frilled lizards
  7 kobolds
  16 rats
109 creatures vanquished.

Notes
Turn   | Place    | Note
-------+----------+-------------------------------------------
     0 | D:1      | wolfsongas the Demonspawn Monk began the quest for the Orb.
     0 | D:1      | Reached XP level 1. HP: 18/18 MP: 1/1
    55 | D:1      | Reached skill level 3 in Unarmed Combat
   254 | D:1      | Gained mutation: You have sharp fingernails. [demonic ancestry]
   254 | D:1      | Reached XP level 2. HP: 21/24 MP: 2/2
   596 | D:1      | Gained mutation: You are partially covered in icy blue scales. (AC +2) [demonic ancestry]
   596 | D:1      | Reached XP level 3. HP: 25/29 MP: 3/3
  1112 | D:2      | Reached skill level 4 in Unarmed Combat
  1553 | D:2      | Reached XP level 4. HP: 27/35 MP: 4/4
  2571 | D:3      | Reached skill level 5 in Unarmed Combat
  2571 | D:3      | Reached XP level 5. HP: 41/41 MP: 5/5
  3239 | D:3      | Reached skill level 6 in Unarmed Combat
  3568 | D:3      | Gained mutation: You are mostly covered in icy blue scales. (AC +3) [demonic ancestry]
  3568 | D:3      | Reached XP level 6. HP: 45/47 MP: 6/6
  3758 | D:4      | Found Dail's Gadget Emporium.
  4000 | D:4      | Reached skill level 7 in Unarmed Combat
  4160 | D:5      | Entered Level 5 of the Dungeon
  4251 | D:5      | Reached XP level 7. HP: 15/52 MP: 7/7
  4308 | D:5      | Noticed Iodinin's ghost (amateur DrFi)
  4508 | D:5      | Killed Iodinin's ghost
  4953 | D:5      | Noticed Grinder
  4957 | D:5      | Found Apekuu's Book Emporium.
  5035 | D:5      | Reached skill level 8 in Unarmed Combat
  5132 | D:5      | Paralysed by Grinder for 2 turns
  5143 | D:5      | Paralysed by Grinder for 4 turns
  5154 | D:5      | Paralysed by Grinder for 3 turns
  5155 | D:5      | HP: 1/52 [Grinder (2)]
  5159 | D:5      | Mangled by Grinder

Vault maps used:
D:1:      kilobyte_arrival_exit_the_forest, minmay_misc_feat_columns
D:2:      minmay_misc_feat_hallway, minmay_rat_gold_closets
D:4:      serial_shops, kennysheep_mini_moat, first_bread
D:5:      black_bear_nest_2, kennysheep_mini, temple_statues, serial_shops,
          nicolae_shop_behind_doors, uniq_grinder

Skill      XL: |  1  2  3  4  5  6  7 |
---------------+----------------------+-----
Unarmed Combat | 3 4 5 6 7 8 |  8.0
Fighting       | |  3.0
Dodging        | |  2.6
Stealth        | |  1.7

Action                   |  1- 3 |  4- 6 |  7- 9 || total
-------------------------+-------+-------+-------++-------
Melee: Unarmed           |   136 |   225 |    67 ||   428
       Punch             |       |     4 |     2 ||     6
  Use: Scroll            |     2 |     4 |       ||     6
       Potion            |       |     8 |       ||     8
 Stab: Sleeping          |     3 |     5 |       ||     8
  Eat: Chunk             |     2 |     2 |       ||     4
       Bread ration      |       |     2 |       ||     2
       Fruit             |       |     1 |       ||     1
Armor: Robe              |    12 |       |       ||    12
       Ring mail         |    33 |    75 |    13 ||   121
       Skin              |       |     2 |       ||     2
Dodge: Dodged            |    92 |   106 |    22 ||   220

Table legend:
 A = Spawn XP
 B = Non-spawn XP
 C = Spawn XP percentage of total XP
 D = Spawn monster count
 E = Non-spawn monster count
 F = Spawn count percentage of total count
 G = Total turns spent on level
                    A         B        C        D         E        F      G
               +---------+---------+-------+---------+---------+-------+---------
         Total |     203 |     787 |  20.5 |      17 |      92 |  15.6 |  5159
               +---------+---------+-------+---------+---------+-------+---------
           D:1 |       6 |      39 |  13.3 |       4 |      22 |  15.4 |   991
           D:2 |       8 |      66 |  10.8 |       3 |      27 |  10.0 |   973
           D:3 |     149 |     117 |  56.0 |       8 |      22 |  26.7 |  1737
           D:4 |       0 |     268 |   0.0 |       0 |      15 |   0.0 |   616
           D:5 |      40 |     297 |  11.9 |       2 |       6 |  25.0 |   842
               +---------+---------+-------+---------+---------+-------+---------
